 Dungeon Crawl Stone Soup version bcrawl-1.23.3-19-gdc5968f444 (webtiles) character file.

Game seed: 227467949233651786

762 Freyura the Cudgeler (level 7, -7/55 HPs)
             Began as a Demonspawn Fighter on June 7, 2020.
             Mangled by an orc warrior
             ... wielding a +0 scimitar
              (16 damage)
             ... on level 6 of the Dungeon.
             The game lasted 00:09:35 (4503 turns).

Freyura the Cudgeler (Demonspawn Fighter)           Turns: 4503, Time: 00:09:36

Health: -7/55      AC: 14    Str: 20    XL:     7   Next: 51%
Magic:  7/7        EV:  7    Int: 10    God:
Gold:   219        SH: 14    Dex: 14    Spells: 6/6 levels left

rFire    + . .     SeeInvis .   a - +1 flail
rCold    . . .     Gourm    .   c - +0 medium shield
rNeg     . . .     Faith    .   b - +0 scale mail
rPois    .         Spirit   .   (no helmet)
rElec    +         Reflect  +   f - +0 cloak
rCorr    .         Harm     .   o - +2 pair of gloves
MR       .....                  (no boots)
Stlth    +.........             d - +4 amulet of reflection
HPRegen  0.18/turn              h - +4 ring of strength
MPRegen  0.10/turn              u - ring of insulation

@: no status effects
A: slimy green scales 2, fire resistance 1, nightstalker 1
a: no special abilities


You were on level 6 of the Dungeon.
You were hungry.

You visited 1 branch of the dungeon, and saw 6 of its levels.

You collected 219 gold pieces.

Inventory:

Hand Weapons
 a - a +1 flail (weapon)
Armour
 b - a +0 scale mail (worn)
 c - a +0 medium shield (worn)
 f - a +0 cloak (worn)
 o - a +2 pair of gloves (worn)
Jewellery
 d - a +4 amulet of reflection (around neck)
 h - a +4 ring of strength (left hand)
 k - an uncursed amulet of magic regeneration
 q - an uncursed ring of protection from magic
 u - a ring of insulation (right hand)
Wands
 n - a wand of enslavement (10)
Scrolls
 g - 2 scrolls of teleportation {unknown}
 j - 2 scrolls of enchant weapon
 l - a scroll of fog
 p - a scroll of remove curse
 s - a scroll of enchant armour {unknown}
 t - a scroll of identify {unknown}
Potions
 i - a potion of mutation {unknown}
 m - a potion of flight {unknown}
 r - a potion of resistance {unknown}
Comestibles
 e - 7 rations {!d}
 v - 2 chunks of flesh


   Skills:
 + Level 4.5 Fighting
 * Level 4.7 Maces & Flails
 + Level 4.1 Armour
 + Level 2.6 Dodging
 + Level 4.1 Shields


You had 6 spell levels left.
You didn't know any spells.
Your spell library was empty.

Dungeon Overview and Level Annotations

Branches:
Dungeon (6/12)
 Temple: D:4-7

Altars:
Dithmenos
Makhleb
Okawaru
The Shining One


Innate Abilities, Weirdness & Mutations

You are mostly covered in slimy green scales. (AC +3)
Your flesh is heat resistant. (rF+)
You are slightly more attuned to the shadows.


Message History

The orc warrior is moderately wounded.
The orc warrior hits you with a +0 scimitar.
You hit the orc warrior.
The orc warrior is moderately wounded.
You block the orc warrior's attack.
You hit the orc warrior.
The orc warrior is heavily wounded.
You block the orc warrior's attack.
You closely miss the orc warrior.
The orc warrior is heavily wounded.
The orc warrior hits you with a +0 scimitar!
You hit the orc warrior.
The orc warrior is severely wounded.
You block the orc warrior's attack.
The orc warrior hits you with a +0 scimitar!
* * * LOW HITPOINT WARNING * * *
You closely miss the orc warrior.
The orc warrior is severely wounded.
The orc warrior hits you with a +0 scimitar!
You die...

....# ##.##
#######.# #.####
#.# #.# .....# #.#
#.# #.##.# ##'#
######.### #.# .#
#...# #........#
#.##.# .....#
#.####.#.# #..#.#
......##.###..#.#
.....###
.......#.##...#.#
...รท...+
.....o@'..........
<....###
.......#.##...#.##
....##
......##.###.##.#
###.# .....# #.#
#.# # # #.# #...#
#.. ... # #.# ##+#
### .## ..#


You could see an orc warrior.

Vanquished Creatures
  A sky beast (D:5)
  An ogre (D:4)
  A bullfrog (D:6)
  A big kobold (D:5)
  A scorpion (D:4)
  A howler monkey (D:5)
  A jelly (D:3)
  A centaur skeleton (D:4)
  A hound (D:4)
  A bullfrog skeleton (D:5)
  4 worker ants
  A hound zombie (D:5)
  A worker ant zombie (D:5)
  5 adders
  2 worms
  A dart slug (D:2)
  A leopard gecko (D:1)
  3 orcs
  4 bats
  4 giant cockroaches
  3 goblins
  8 hobgoblins
  8 jackals
  3 quokkas
  A ball python (D:2)
  4 frilled lizards
  A jackal skeleton (D:4)
  8 kobolds
  A quokka skeleton (D:5)
  A quokka zombie (D:5)
  8 rats
82 creatures vanquished.

Notes
Turn   | Place    | Note
-------+----------+-------------------------------------------
     0 | D:1      | Freyura the Demonspawn Fighter began the quest for the Orb.
     0 | D:1      | Reached XP level 1. HP: 18/18 MP: 1/1
   244 | D:1      | Gained mutation: Your flesh is heat resistant. (rF+)
                  | [demonic ancestry]
   244 | D:1      | Reached XP level 2. HP: 24/24 MP: 2/2
   738 | D:1      | Reached XP level 3. HP: 29/29 MP: 3/3
  1097 | D:2      | Found a shadowy altar of Dithmenos.
  1488 | D:2      | Found a burning altar of Makhleb.
  1917 | D:3      | Found an iron altar of Okawaru.
  2061 | D:3      | Gained mutation: You are partially covered in slimy green
                  | scales. (AC +2) [demonic ancestry]
  2061 | D:3      | Reached XP level 4. HP: 30/35 MP: 4/4
  2188 | D:3      | Reached skill level 1 in Dodging
  2739 | D:4      | Gained mutation: You are mostly covered in slimy green
                  | scales. (AC +3) [demonic ancestry]
  2739 | D:4      | Reached XP level 5. HP: 41/41 MP: 5/5
  2900 | D:4      | Noticed an ogre
  2915 | D:4      | Killed an ogre
  2915 | D:4      | Reached XP level 6. HP: 31/48 MP: 6/6
  3535 | D:5      | Entered Level 5 of the Dungeon
  3536 | D:5      | Noticed a sky beast
  3560 | D:5      | Killed a sky beast
  3737 | D:5      | Gained mutation: You are slightly more attuned to the
                  | shadows. [demonic ancestry]
  3737 | D:5      | Reached XP level 7. HP: 51/54 MP: 7/7
  4115 | D:5      | Found a glowing golden altar of the Shining One.
  4503 | D:6      | Mangled by an orc warrior

Skill      XL: |  1  2  3  4  5  6  7 |
---------------+----------------------+-----
Maces & Flails | 2 3 4 |  4.7
Shields        | 3 4 |  4.1
Armour         | 3 4 |  4.1
Dodging        | 1 2 |  2.6
Fighting       | 4 |  4.5

Action                   |  1- 3 |  4- 6 |  7- 9 || total
-------------------------+-------+-------+-------++-------
Melee: Flail             |   237 |   146 |    72 ||   455
  Use: Scroll            |     6 |       |       ||     6
       Potion            |       |     1 |       ||     1
  Eat: Chunk             |     4 |     5 |     3 ||    12
Armor: Scale mail        |   175 |   105 |    25 ||   305
Dodge: Dodged            |    46 |    39 |    15 ||   100
Block: Medium shield     |   122 |    75 |    39 ||   236
